 Dungeon Crawl Stone Soup version 0.21-a0-471-gd587bd5 (webtiles) character file.

84 vineage the Cudgeler (level 4, 0/35 HPs)
             Began as a Demonspawn Fighter on Nov 21, 2017.
             Killed by nerve-wracking pain
             ... invoked by Grinder
              (7 damage)
             ... on level 3 of the Dungeon.
             The game lasted 00:02:00 (1318 turns).

vineage the Cudgeler (Demonspawn Fighter)           Turns: 1318, Time: 00:02:01

Health: 0/35       AC:  6    Str: 22    XL:     4   Next: 24%
Magic:  4/4        EV:  7    Int: 10    God:
Gold:   37         SH:  9    Dex: 12    Spells: 3/3 levels left

rFire    . . .     SeeInvis .   a - +0 flail
rCold    . . .     Gourm    .   c - +0 shield
rNeg     . . .     Faith    .   b - +0 scale mail
rPois    .         Spirit   .   (no helmet)
rElec    .         Reflect  .   (no cloak)
rCorr    .         Harm     .   (no gloves)
MR       .....                  (no boots)
Stlth    ..........             g - amulet of regeneration
HPRegen  0.51/turn              (no ring)
MPRegen  0.09/turn              (no ring)

@: mighty
A: claws 1, powered by pain 1
a: no special abilities


You were on level 3 of the Dungeon.
You were not hungry.

You visited 1 branch of the dungeon, and saw 3 of its levels.

You collected 37 gold pieces.

Inventory:

Hand Weapons
 a - a +0 flail (weapon)
Armour
 b - a +0 scale mail (worn)
 c - a +0 shield (worn)
Jewellery
 g - an amulet of regeneration (around neck)
 j - an uncursed ring of stealth {unknown}
Scrolls
 l - 2 scrolls of magic mapping
 n - 3 scrolls of amnesia {unknown}
Potions
 e - 2 potions of heal wounds {unknown}
 k - a potion of mutation {unknown}
 m - a potion of cancellation {unknown}
Comestibles
 f - 2 bread rations
 h - 4 fruits
 i - a meat ration


   Skills:
 - Level 3.0 Fighting
 + Level 4.1 Maces & Flails
 - Level 2.6 Armour
 - Level 2.6 Shields


You had 3 spell levels left.
You didn't know any spells.

Dungeon Overview and Level Annotations

Branches:
Dungeon (3/15)

Altars:
Qazlal
Sif Muna
Xom

Annotations:
D:3 Grinder


Innate Abilities, Weirdness & Mutations

You have sharp fingernails.
You sometimes gain a little power by taking damage.


Message History

Grinder is lightly wounded.
Grinder gestures at you.
You suddenly lose the ability to move!
Grinder gestures at you.
You shrug off the repeated paralysis!
Grinder gestures at you.
You barely resist. Grinder hits you but does no damage.
You can move again.
You sock Grinder!
Grinder is moderately wounded.
Grinder hits you.
* * * LOW HITPOINT WARNING * * *
You writhe in agony.
* * * LOW HITPOINT WARNING * * *
You bludgeon Grinder!!
Grinder is severely wounded.
Grinder gestures at you. Pain shoots through your body!
You die...

#.# #.# #.# #.# #.# #.#
#.# ########@#
...$...#5#######
.......#........
....>...>.......
.......#..#####.
.......#..# .......#..##
######
####.###...########....##
#.............##.##...


You could see Grinder.

Vanquished Creatures
  Terence (D:2)
  An adder (D:3)
  2 worms
  A dart slug (D:1)
  6 leopard geckos
  4 bats
  A giant cockroach (D:2)
  4 goblins
  3 hobgoblins
  2 jackals (D:2)
  3 frilled lizards
  5 kobolds
  3 rats
36 creatures vanquished.

Notes
Turn   | Place    | Note
-------+----------+-------------------------------------------
     0 | D:1      | vineage the Demonspawn Fighter began the quest for the Orb.
     0 | D:1      | Reached XP level 1. HP: 18/18 MP: 1/1
    19 | D:1      | Reached skill level 2 in Maces & Flails
    74 | D:1      | Gained mutation: You sometimes gain a little power by taking damage. [demonic ancestry]
    74 | D:1      | Reached XP level 2. HP: 15/24 MP: 2/2
   240 | D:1      | Reached skill level 3 in Maces & Flails
   651 | D:2      | Reached XP level 3. HP: 27/29 MP: 3/3
   740 | D:2      | Noticed Terence
   755 | D:2      | Killed Terence
   941 | D:2      | Found a stormy altar of Qazlal.
   976 | D:2      | Found a shimmering altar of Xom.
  1217 | D:3      | Reached skill level 4 in Maces & Flails
  1217 | D:3      | Gained mutation: You have sharp fingernails. [demonic ancestry]
  1217 | D:3      | Reached XP level 4. HP: 34/35 MP: 4/4
  1270 | D:3      | Found a deep blue altar of Sif Muna.
  1292 | D:3      | Noticed Grinder
  1294 | D:3      | Paralysed by Grinder for 4 turns
  1303 | D:3      | Paralysed by Grinder for 2 turns
  1313 | D:3      | Paralysed by Grinder for 4 turns
  1318 | D:3      | Killed from afar by Grinder

Vault maps used:
D:1:      tarquinn_simple_flora_water_f
D:2:      lemuel_round_altar, overflow_temple_1_default, uniq_terence
D:3:      lemuel_round_altar, lemuel_round_altar, first_bread, uniq_grinder

Skill      XL: |  1  2  3 |
---------------+----------+-----
Maces & Flails | 2 3 4 |  4.1
Fighting       | |  3.0
Armour         | |  2.6
Shields        | |  2.6

Action                   |  1- 3 |  4- 6 || total
-------------------------+-------+-------++-------
Melee: Flail             |   120 |    25 ||   145
  Use: Scroll            |     3 |       ||     3
       Potion            |       |     1 ||     1
  Eat: Chunk             |     1 |     1 ||     2
Armor: Scale mail        |    42 |    11 ||    53
Dodge: Dodged            |    37 |     5 ||    42
Block: Shield            |    61 |    10 ||    71

Table legend:
 A = Spawn XP
 B = Non-spawn XP
 C = Spawn XP percentage of total XP
 D = Spawn monster count
 E = Non-spawn monster count
 F = Spawn count percentage of total count
 G = Total turns spent on level
                    A         B        C        D         E        F      G
               +---------+---------+-------+---------+---------+-------+---------
         Total |       0 |     121 |   0.0 |       0 |      36 |   0.0 |  1318
               +---------+---------+-------+---------+---------+-------+---------
           D:1 |       0 |      37 |   0.0 |       0 |      18 |   0.0 |   609
           D:2 |       0 |      59 |   0.0 |       0 |      13 |   0.0 |   596
           D:3 |       0 |      25 |   0.0 |       0 |       5 |   0.0 |   113
               +---------+---------+-------+---------+---------+-------+---------
